 Dungeon Crawl Stone Soup version 0.28.0-43-g3370ac3207 (webtiles) character file.

Game seed: 18092500202689165149

1 tizbic2 the Ducker (level 1, 0/9 HPs)
             Began as a Spriggan Transmuter on Mar 4, 2022.
             Slain by a kobold
             ... wielding a +0 dagger
              (2 damage)
             ... on level 1 of the Dungeon.
             The game lasted 00:01:00 (76 turns).

tizbic2 the Ducker (Spriggan Transmuter)              Turns: 76, Time: 00:01:00

Health: 0/9        AC:  2    Str:  6    XL:     1   Next: 16%
Magic:  5/5        EV: 17    Int: 14    God:
Gold:   0          SH:  0    Dex: 15    Spells: 4/5 levels left

rFire   . . .      SeeInvis +     - Unarmed
rCold   . . .      Faith    .   (no shield)
rNeg    . . .      Spirit   .   a - +0 robe
rPois   .          Reflect  .   (helmet currently unavailable)
rElec   .          Harm     .   (no cloak)
rCorr   .          Rampage  .   (gloves unavailable)
Will    +....                   (boots unavailable)
Stlth   +.........              (no amulet)
HPRegen 0.03/turn               b - ring of willpower
MPRegen 0.09/turn               (no ring)

@: appendages (expiring), very quick
A: horns 2, talons 2, very small, no large weapons, unfitting armour, see
invisible, speed 3
a: End Transformation


You were on level 1 of the Dungeon.
You had temporarily grown beastly horns and talons.
You visited 1 branch of the dungeon, and saw 1 of its levels.

Inventory:

Missiles
 c - 27 stones (quivered)
Armour
 a - a +0 robe (worn)
Jewellery
 b - a ring of willpower (left hand)


   Skills:
 - Level 0.7 Fighting
 + Level 2.7 Dodging
 * Level 2.4 Unarmed Combat
 + Level 2.7 Spellcasting
 + Level 2.7 Transmutations


You had 4 spell levels left.
You knew the following spells:

 Your Spells              Type           Power      Damage    Failure   Level
a - Beastly Appendage     Tmut           18%        N/A       7%          1

Your spell library contained the following spells:

 Spells                   Type           Power      Damage    Failure   Level
 Wereblood                Tmut           9%         N/A       11%         2
 Spider Form              Tmut/Pois      5%         N/A       36%         3
 Ice Form                 Ice/Tmut       5%         N/A       77%         4


Dungeon Overview and Level Annotations

Branches:
Dungeon (1/15)

Altars:


Innate Abilities, Weirdness & Mutations

You have temporarily grown beastly horns and talons.
You are very small and have problems with some larger weapons.
You are too small for most types of armour.
You have supernaturally acute eyesight. (SInv)
You cover ground extremely quickly. (Speed+++)


Message History

The bat closely misses you.
You closely miss the bat.
The bat is severely wounded.
Your horns disappear.
Your talons disappear.
The bat hits you. The bat misses you.
You hit the bat but do no damage.
The bat is severely wounded.
The bat closely misses you. x2
Casting: Beastly Appendage (safe; 7% risk of failure)
Confirm with . or Enter, or press ? or * to list all spells.
You grow a pair of large bovine horns.
Your feet morph into talons.
The bat misses you.
You hit the bat. Your kick misses the bat. Your headbutt misses the bat.
The bat is severely wounded.
The bat completely misses you.
You aren't carrying any items that you can evoke.
You aren't carrying any scrolls.
You aren't carrying any potions.
The bat closely misses you. The bat completely misses you.
You closely miss the bat. Your kick misses the bat.
The bat is moderately wounded.
The bat hits you but does no damage. x2
You closely miss the bat.
The bat is moderately wounded.
Your transformation is almost over.
The bat closely misses you. The bat misses you.
You barely miss the bat.
The bat is moderately wounded.
The bat hits you. The ball python closely misses you.
The ball python completely misses you.
You hit the ball python but do no damage.
You headbutt the ball python.
The ball python is severely wounded.
The ball python misses you. The ball python grabs you.
The ball python constricts you.
* * * LOW HITPOINT WARNING * * *
You escape the ball python's grasp.
The bat closely misses you. The kobold barely misses you.
The bat barely misses you. The kobold hits you with a +0 dagger.
You die...

#####......#
...........#
...........#
...........####
..###.....K...# b
#####.....#######
#....†......#
#.....##.##.#
#######.@bS.#
#...#..K..#
#...'.....#
#.8.#.....#
#...#....##
#...#....#
######.###
#####'# #.....#


You could see a bat, a ball python and a kobold.

Vanquished Creatures
  A ball python (D:1)
  A frilled lizard (D:1)
2 creatures vanquished.

Notes
Turn   | Place    | Note
-------+----------+-------------------------------------------
     0 | D:1      | tizbic2 the Spriggan Transmuter began the quest for the
                  | Orb.
     0 | D:1      | Reached XP level 1. HP: 9/9 MP: 5/5
    76 | D:1      | Slain by a kobold

Illustrated notes

Levels and vault maps discovered:
D:1:      dpeg_arrival_rooms_b, layout_basic

Action                   || total
-------------------------++-------
Melee: Unarmed           ||    13
       Kick              ||     1
       Headbutt          ||     1
Throw: Stone             ||     1
 Cast: Beastly Appendage ||     2
 Stab: Sleeping          ||     1
Armor: Robe              ||     2
Dodge: Dodged            ||    19
